 Dungeon Crawl Stone Soup version 0.28.0 (webtiles) character file.

Game seed: 4622572758734098704

94 inmateoo the Insei (level 4, -2/35 HPs)
             Began as a Demonspawn Monk on Feb 14, 2022.
             Slain by a centaur (4 damage)
             ... on level 3 of the Dungeon.
             The game lasted 00:02:47 (2000 turns).

inmateoo the Insei (Demonspawn Monk)                Turns: 2000, Time: 00:02:47

Health: -2/35      AC:  6    Str: 12    XL:     4   Next: 38%
Magic:  4/4        EV: 14    Int: 13    God:
Gold:   36         SH:  0    Dex: 17    Spells: 3/3 levels left

rFire   . . .      SeeInvis .     - Unarmed
rCold   . . .      Faith    .   (no shield)
rNeg    . . .      Spirit   .   h - +0 scale mail
rPois   .          Reflect  .   (no helmet)
rElec   .          Harm     .   (no cloak)
rCorr   .          Rampage  .   (no gloves)
Will    .....                   (no boots)
Stlth   ++........              (no amulet)
HPRegen 0.11/turn               g - +4 ring of evasion
MPRegen 0.09/turn               (no ring)

@: no status effects
A: thin skeletal structure 1, demonic guardian 2
a: no special abilities


You were on level 3 of the Dungeon.
You visited 1 branch of the dungeon, and saw 3 of its levels.

You collected 36 gold pieces.

Inventory:

Armour
 h - a +0 scale mail (worn)
Jewellery
 g - a +4 ring of evasion (left hand)
Scrolls
 a - 3 scrolls of identify {unknown}
 b - 2 scrolls of teleportation {unknown}
 d - a scroll of enchant weapon {unknown}
 e - a scroll of fog {unknown}
 f - 2 scrolls of vulnerability {unknown}
 i - a scroll of summoning {unknown}
Potions
 c - 2 potions of flight {unknown}
 j - a potion of curing {unknown}
 k - a potion of heal wounds {unknown}


   Skills:
 + Level 3.5 Fighting
 + Level 1.3 Armour
 + Level 3.2 Dodging
 - Level 1.7 Stealth
 * Level 3.6 Unarmed Combat


You had 3 spell levels left.
You didn't know any spells.
Your spell library was empty.

Dungeon Overview and Level Annotations

Branches:
Dungeon (3/15)

Altars:
Fedhas


Innate Abilities, Weirdness & Mutations

You have a somewhat thin skeletal structure. (Dex +2, Stealth+)
A demonic guardian rushes to your aid.


Message History

Found 19 sling bullets.
A bat and a centaur come into view.
The centaur shouts!
The centaur wields a +0 shortbow of freezing.
It is covered in frost.
The centaur shoots an arrow.
The arrow misses you.
There are monsters nearby!
The bat hits you but does no damage.
The centaur shoots an arrow.
The arrow closely misses you. The bat barely misses you. The bat misses you.
The bat hits you but does no damage. The bat hits you but does no damage.
The bat barely misses you. The bat hits you but does no damage.
The centaur shoots an arrow.
The arrow hits you.
A demonic guardian appears!
The arrow freezes you.
The bat barely misses your orange demon.
The bat completely misses you.
Your orange demon stings the bat.
The bat dies!
The centaur shoots an arrow.
The arrow barely misses you.
There is a stone staircase leading up here.
What are your orders? t - Shout!
Orders for allies: a - Attack new target. r - Retreat! s - Stop attacking. g - Guard the area. f - Follow me.
Anything else - Cancel.
Gang up on whom?
Press: ? - help, Dir - move target, f - centaur
Aim: a centaur, wielding a +0 shortbow of freezing and quivering arrows Attack!
The centaur shoots an arrow.
The arrow hits you. The arrow freezes you.
The centaur shoots an arrow.
The arrow hits you!
* * * LOW HITPOINT WARNING * * *
The arrow freezes you.
* * * LOW HITPOINT WARNING * * *
Okay, then.
The centaur shoots an arrow.
The arrow closely misses you.
Your orange demon stings the centaur!
The centaur looks as sick as possible!
Your orange demon poisons the centaur!
Your orange demon hits the centaur.
The centaur unwields a +0 shortbow of freezing.
The centaur hits you.
You die...

#####.# #....c# ####.....#
#.(...#
#######)##.....####....c#
........##.....##.+.....#
#######.##.....##.#.....##
#.....#'##.................
#...............#.#.....###
+........4c###..#..........
## #.........@#
#..######.#### ..
#......<...# #..# .#
###.#..........# #..# ..
.......).......# #..# ##
.##.#..........###..# #
#...............# #
#......######....
#.#.#####.####### .#
+.....).......... .


You could see a centaur (extremely poisoned, ally target) and a friendly orange
demon (summoned).

Vanquished Creatures
  5 adders
  A worm (D:2)
  2 dart slugs (D:1)
  5 endoplasms
  2 giant cockroaches
  6 goblins
  2 hobgoblins
  4 quokkas
  2 ball pythons
  2 bats (D:1)
  A frilled lizard (D:1)
  3 kobolds (D:1)
  4 rats
39 creatures vanquished.

Vanquished Creatures (collateral kills)
  An endoplasm (D:1)
  A hobgoblin (D:1)
  A bat (D:3)
3 creatures vanquished.

Grand Total: 42 creatures vanquished

Notes
Turn   | Place    | Note
-------+----------+-------------------------------------------
     0 | D:1      | inmateoo the Demonspawn Monk began the quest for the Orb.
     0 | D:1      | Reached XP level 1. HP: 18/18 MP: 1/1
   185 | D:1      | Found a faded altar of an unknown god.
   342 | D:1      | Gained mutation: A weak demonic guardian rushes to your
                  | aid. [demonic ancestry]
   342 | D:1      | Reached XP level 2. HP: 20/24 MP: 2/2
   977 | D:1      | Gained mutation: A demonic guardian rushes to your aid.
                  | [demonic ancestry]
   977 | D:1      | Reached XP level 3. HP: 28/29 MP: 3/3
  1010 | D:1      | Reached skill level 1 in Armour
  1195 | D:2      | Found a blossoming altar of Fedhas.
  1524 | D:2      | Gained mutation: You have a somewhat thin skeletal
                  | structure. (Dex +2, Stealth+) [demonic ancestry]
  1524 | D:2      | Reached XP level 4. HP: 26/35 MP: 4/4
  1982 | D:3      | Noticed a centaur
  2000 | D:3      | Slain by a centaur

Illustrated notes

Levels and vault maps discovered:
D:1:      lightli_arrival_maybe_door_vault, layout_basic,
          ebering_ecumenical_altar_petrified
D:2:      layout_rooms, basic_altar
D:3:      layout_basic, uniq_crazy_yiuf_cottage

Skill      XL: |  1  2  3 |
---------------+----------+-----
Unarmed Combat | 3 |  3.6
Dodging        | 3 |  3.2
Armour         | 1 |  1.3
Fighting       | |  3.5
Stealth        | |  1.7

Action                   |  1- 3 |  4- 6 || total
-------------------------+-------+-------++-------
Melee: Unarmed           |   124 |    27 ||   151
       Punch             |     3 |       ||     3
 Stab: Sleeping          |     1 |       ||     1
Armor: Robe              |     5 |       ||     5
       Scale mail        |    29 |     7 ||    36
Dodge: Dodged            |    80 |    25 ||   105
